 Dungeon Crawl Stone Soup version 0.27.1-2-g3b301248ec (webtiles) character file.

Game seed: 11757383662847936537

226 Irenicus the Chopper (level 5, 0/50 HPs)
             Began as a Deep Dwarf Monk on Sept 30, 2021.
             Slain by a gnoll shaman (7 damage)
             ... on level 4 of the Dungeon.
             The game lasted 00:13:07 (1438 turns).

Irenicus the Chopper (Deep Dwarf Monk)              Turns: 1438, Time: 00:13:07

Health: 0/50       AC:  7    Str: 15    XL:     5   Next: 69%
Magic:  4/4        EV: 13    Int: 10    God:
Gold:   62         SH:  0    Dex: 16    Spells: 4/4 levels left

rFire    . . .     SeeInvis .   a - +0 hand axe
rCold    . . .     Faith    .   (no shield)
rNeg     . . .     Spirit   .   i - +0 leather armour
rPois    .         Reflect  .   (helmet restricted)
rElec    .         Harm     .   p - +2 cloak
rCorr    .         Rampage  .   j - +0 pair of gloves
Will     .....     Rnd*Rage +   (no boots)
Stlth    ++........             o - amulet of magic regeneration
HPRegen  0.00/turn              k - +4 ring of slaying
MPRegen  0.34/turn              (no ring)

@: no status effects
A: damage resistance, heal wounds, sense surroundings 1, no regeneration, horns
1, berserk 1, robust 1, wild magic 1
a: Heal Wounds


You were on level 4 of the Dungeon.
You visited 1 branch of the dungeon, and saw 4 of its levels.

You collected 62 gold pieces.

Inventory:

Hand Weapons
 a - a +0 hand axe (weapon)
Missiles
 d - 63 stones
 q - a throwing net
Armour
 g - a +0 ring mail
 i - a +0 leather armour (worn)
 j - a +0 pair of gloves (worn)
 p - a +2 cloak (worn)
Jewellery
 k - a +4 ring of slaying (left hand)
 o - an amulet of magic regeneration (around neck)
Scrolls
 b - a scroll of immolation {unknown}
 e - 3 scrolls of identify {unknown}
 f - a scroll of teleportation {unknown}
 h - a scroll of fog {unknown}
 l - a scroll of enchant armour {unknown}
 m - a scroll of amnesia {unknown}
 n - a scroll of magic mapping {unknown}
Potions
 c - a potion of mutation


   Skills:
 - Level 2.6 Fighting
 - Level 6.0 Axes
 + Level 2.5 Armour
 + Level 3.8 Dodging
 - Level 3.0 Stealth


You had 4 spell levels left.
You didn't know any spells.
Your spell library contained the following spells:

 Spells                   Type           Power      Damage    Failure   Level
 Passwall                 Tmut/Erth      0%         N/A       65%         2
 Swiftness                Air            0%         N/A       86%         3
 Invisibility             Hex            0%         N/A       100%        6


Dungeon Overview and Level Annotations

Branches:
Dungeon (4/15)
 Temple: D:4-7

Altars:

Shops:
D:4 :

Annotations:
D:4 1 transporter, Dowan; Duvessa; snilloc10's ghost, amateur GnAM


Innate Abilities, Weirdness & Mutations

You are resistant to damage.
You can heal yourself by infusing magical energy.
You passively map a small area around you.
You do not regenerate.
You have a pair of small horns on your head.
You tend to lose your temper in combat.
You are robust. (+10% HP)
Your spells are a little harder to cast, but a little more powerful.


Message History

You hit the gnoll.
The gnoll is moderately wounded.
You barely miss the gnoll. The gnoll hits you but does no damage.
The gnoll hits you with a +0 spear.
* * * LOW HITPOINT WARNING * * *
You hit the gnoll but do no damage. Your headbutt misses the gnoll.
The gnoll is moderately wounded.
You hit the gnoll.
You kill the gnoll!
The gnoll hits you with a +0 spear!
* * * LOW HITPOINT WARNING * * *
You barely miss the gnoll. You headbutt the gnoll!
The gnoll is almost dead.
The gnoll closely misses you.
You hit the gnoll.
You kill the gnoll!
q - a throwing net You see here a +0 spear.
Things that are here:
a +0 club; a gnoll corpse
Things that are here:
a +0 short sword; a +0 ring mail
Okay, then.
Search for what [Enter for "sand", or ? for help]? pot Unknown command.
Things that are here:
a +0 whip; a +0 robe You closely miss the orc.
Your headbutt misses the orc. The orc misses you.
You hit the orc. You headbutt the orc.
The orc is almost dead.
The orc barely misses you.
You slash the orc!
You kill the orc!
The gnoll shaman shouts!
Things that are here:
a +0 dagger; an orc corpse You hit the gnoll shaman.
You headbutt the gnoll shaman.
The gnoll shaman is moderately wounded.
The gnoll shaman hits you with a +0 club!
You die...

#...........####..g........
##>......................., ,
...............#####*#..#
##.##.......##.....###.#
...#...#######.....##..#
.....#..## #........##
...####...####.....####
......,.#..##....g.# #######
.......###......@..# #......
............##.)...# #......
.....#.###.........########).....
..# ...#...##.....)......))......
..##.............##########)..)..
........#####.......# #......
#....###.©.###..##.# #......
#....#*......W#...#.########)####
...#.#..#.#...#..##.##.....).#


You could see a gnoll shaman.

Vanquished Creatures
  2 gnoll shamans (D:4)
  12 gnolls (D:4)
  2 adders
  An adder skeleton (D:4)
  A dart slug (D:2)
  2 orcs (D:4)
  2 ball pythons
  A bat (D:1)
  4 endoplasms
  2 giant cockroaches
  2 goblins
  3 hobgoblins
  4 kobolds (D:1)
  3 frilled lizards
41 creatures vanquished.

Notes
Turn   | Place    | Note
-------+----------+-------------------------------------------
     0 | D:1      | Irenicus the Deep Dwarf Monk began the quest for the Orb.
     0 | D:1      | Reached XP level 1. HP: 20/20 MP: 1/1
   208 | D:1      | Reached XP level 2. HP: 18/27 MP: 2/2
   355 | D:1      | Reached skill level 4 in Axes
   593 | D:1      | Found a faded altar of an unknown god.
   926 | D:2      | Reached XP level 3. HP: 12/33 MP: 3/3
  1194 | D:4      | Reached skill level 5 in Axes
  1194 | D:4      | Reached XP level 4. HP: 2/40 MP: 4/4
  1217 | D:4      | Reached skill level 6 in Axes
  1249 | D:4      | Found Raupteg's Book Emporium.
  1305 | D:4      | Found a transporter.
  1312 | D:4      | Noticed snilloc10's ghost (amateur GnAM)
  1315 | D:4      | Noticed Duvessa
  1316 | D:4      | Noticed Dowan
  1320 | D:4      | Gained mutation: You have a pair of small horns on your
                  | head. [potion of mutation]
  1320 | D:4      | Gained mutation: You tend to lose your temper in combat.
                  | [potion of mutation]
  1320 | D:4      | Gained mutation: You are robust. (+10% HP) [potion of
                  | mutation]
  1320 | D:4      | Gained mutation: Your spells are a little harder to cast,
                  | but a little more powerful. [potion of mutation]
  1348 | D:4      | Reached skill level 1 in Armour
  1348 | D:4      | Reached XP level 5. HP: 50/50 MP: 4/4
  1438 | D:4      | Slain by a gnoll shaman

Illustrated notes

Levels and vault maps discovered:
D:1:      dpeg_arrival_central, layout_basic,
          chequers_ecumenical_altar_simple_redux
D:2:      layout_loops_ring
D:3:      layout_loops_ring, hangedman_decor_peaks_small, uniq_ijyb,
          uniq_natasha
D:4:      layout_rooms, gammafunk_ghost_stat_death, serial_shops, shop,
          uniq_duvessa

Skill      XL: |  1  2  3  4  5 |
---------------+----------------+-----
Axes           | 4 5 6 |  6.0
Stealth        | 3 |  3.0
Armour         | 1 2 |  2.5
Fighting       | |  2.6
Dodging        | |  3.8

Action                   |  1- 3 |  4- 6 || total
-------------------------+-------+-------++-------
Melee: Hand axe          |    95 |    41 ||   136
       Headbutt          |       |     5 ||     5
 Abil: Heal Wounds       |       |     2 ||     2
  Use: Potion            |     1 |     1 ||     2
 Stab: Sleeping          |     7 |       ||     7
Armor: Robe              |     2 |       ||     2
       Leather armour    |     7 |     9 ||    16
Dodge: Dodged            |    57 |    33 ||    90
